 Dungeon Crawl Stone Soup version 0.29.1-1-gd02db6906a (webtiles) character file.

Game seed: 13263757193289521117

78 hawla the Gusty (level 4, 0/33 HPs)
             Began as a Meteoran Air Elementalist on Oct 13, 2022.
             Slain by an orc
             ... wielding a +0 dagger
              (4 damage)
             ... on level 3 of the Dungeon.
             The game lasted 00:04:21 (975 turns).

hawla the Gusty (Meteoran Air Elementalist)          Turns: 975, Time: 00:04:22

Health: 0/33       AC:  2    Str:  9    XL:     4   Next: 93%
Magic:  3/9        EV: 12    Int: 19    God:
Gold:   93         SH:  0    Dex: 14    Spells: 2/9 levels left

rFire   . . .      SeeInvis .   (no weapon)
rCold   . . .      Faith    .   c - orb {*channel}
rNeg    . . .      Spirit   .   a - +0 robe
rPois   .          Reflect  .   (no helmet)
rElec   .          Harm     .   (no cloak)
rCorr   .          Rampage  .   (no gloves)
Will    .....                   (no boots)
Stlth   +.........              (no amulet)
HPRegen 0.11/turn               (no ring)
MPRegen 0.11/turn               (no ring)

@: about to teleport, glowing
A: sense surroundings 1, otherworldly, glowing, explore regen
a: no special abilities


You were on level 3 of the Dungeon.
You visited 1 branch of the dungeon, and saw 3 of its levels.

You collected 93 gold pieces.

Inventory:

Armour
 a - a +0 robe (worn)
 c - an orb of energy (worn)
 j - a +0 crystal plate armour
Scrolls
 b - a scroll of immolation {unknown}
 e - a scroll of enchant armour {unknown}
 f - 2 scrolls of teleportation
 h - a scroll of poison {unknown}
 k - a scroll of enchant weapon {unknown}
Potions
 g - a potion of ambrosia {unknown}
 i - a potion of magic
 l - a potion of heal wounds {unknown}
 m - a potion of flight {unknown}
 n - a potion of attraction {unknown}


   Skills:
 - Level 2.8 Dodging
 - Level 1.4 Stealth
 - Level 3.2 Spellcasting
 - Level 1.6 Conjurations
 + Level 4.9 Air Magic
 - Level 2.0 Evocations


You had 2 spell levels left.
You knew the following spells:

 Your Spells              Type           Power      Damage    Failure   Level
a - Shock                 Conj/Air       60%        1d6       3%          1
b - Static Discharge      Conj/Air       15%        3-5/arc   6%          2
c - Airstrike             Air            10%        2d(2-18)  19%         4

Your spell library contained the following spells:

 Spells                   Type           Power      Damage    Failure   Level
 Poisonous Vapours        Pois/Air       24%        N/A       9%          2
 Swiftness                Air            21%        N/A       6%          3
 Corpse Rot               Necr/Pois/Air  9%         N/A       58%         4


Dungeon Overview and Level Annotations

Branches:
Dungeon (3/15) Zot: 819

Altars:

Annotations:
D:2 Terence


Innate Abilities, Weirdness & Mutations

You passively map a small area around you.
You are easily found by Zot.
You glow in the dark.
You regain HP and MP as you explore.


Message History

The ball python bites you. The ball python constricts you.
The ball python bites you. The ball python constricts you.
The ball python bites you. The ball python constricts you.
A gnoll comes into view. It is wielding a +0 whip.
Casting: Airstrike (extremely dangerous; 22% risk of failure)
Confirm with . or Enter, or press ? or * to list all spells.
The gnoll is struck by an arc of lightning!
The gnoll is severely wounded.
You are struck by an arc of lightning.
The ball python is struck by an arc of lightning!
You kill the ball python!
The lightning grounds out.
The orc hits you with a +0 dagger. The gnoll hits you with a +0 whip.
Unknown command.
Casting: Static Discharge (safe; 6% risk of failure)
Confirm with . or Enter, or press ? or * to list all spells.
The orc is struck by an arc of lightning!
You kill the orc!
You are struck by an arc of lightning.
The gnoll is struck by an arc of lightning.
The gnoll is almost dead.
The lightning grounds out.
The gnoll is struck by an arc of lightning!
You kill the gnoll!
You are struck by an arc of lightning.
The lightning grounds out.
An ogre comes into view. It is wielding a +0 giant spiked club.
You feel your intelligence returning.
You barely miss the orc. The orc hits you with a +0 hand axe.
As you read the scroll labelled CIYTAT DUPSONGIL, it crumbles to dust.
It is a scroll of amnesia.
Really abort (and waste the scroll)?
Okay, then.
As you read the scroll labelled ITAUKHLY AZIRY, it crumbles to dust.
You feel strangely unstable.
It was a scroll of teleportation.
The orc hits you but does no damage. The orc hits you with a +0 dagger.
* * * LOW HITPOINT WARNING * * *
The orc hits you with a +0 hand axe.
* * * LOW HITPOINT WARNING * * *
The orc attacks as you move away! The orc hits you with a +0 dagger.
You die...

.....)....... ...
.......)).#.#..#. ,
#.#...#......
##.......$....,, *
*#......##.$.., , ,
#......#* .. , *
~#......# , , ,
,~#...o#### , , *
~#..oo@..# , , ,
#..g.##..# , * ,
#...#......# * ,
###+###...#...#..# ,
#.........#...# .# *
#####.........#...#,
..
...........#.......
,,. ,
#####......#........
, .
#......#.........


You could see a gnoll and 3 orcs.

Vanquished Creatures
  2 gnolls (D:3)
  An adder (D:3)
  4 dart slugs
  An orc (D:3)
  3 endoplasms (D:1)
  3 giant cockroaches
  4 goblins
  2 hobgoblins
  5 jackals (D:1)
  A quokka (D:1)
  3 ball pythons
  3 bats
  3 frilled lizards
  A kobold (D:1)
  4 rats
40 creatures vanquished.

Notes
Turn   | Place    | Note
-------+----------+-------------------------------------------
     0 | D:1      | hawla the Meteoran Air Elementalist began the quest for the
                  | Orb.
     0 | D:1      | Reached XP level 1. HP: 14/14 MP: 5/5
   125 | D:1      | Reached skill level 1 in Evocations
   125 | D:1      | Reached XP level 2. HP: 20/20 MP: 0/6
   138 | D:1      | Learned a level 2 spell: Static Discharge
   370 | D:1      | Found a faded altar of an unknown god.
   375 | D:1      | Reached XP level 3. HP: 26/26 MP: 4/8
   415 | D:1      | Reached skill level 4 in Air Magic
   460 | D:1      | HP: 1/26 [/static electricity (1)]
   494 | D:1      | Glimpsed the power of Zot.
   812 | D:2      | Reached XP level 4. HP: 33/33 MP: 7/9
   870 | D:2      | Learned a level 4 spell: Airstrike
   890 | D:2      | Noticed Terence
   964 | D:3      | Noticed an ogre
   975 | D:3      | Slain by an orc

Illustrated notes

Levels and vault maps discovered:
D:1:      kilobyte_arrival_exit_the_forest, layout_rooms,
          hellmonk_ecumenical_altar_dog_temple, minmay_misc_feat_ornament
D:2:      layout_basic, uniq_terence
D:3:      layout_basic, nicolae_hepliaklqana_monster_ancestors,
          trog_hazing_becter, gammafunk_ghost_grave, uniq_sigmund,
          uniq_crazy_yiuf_cottage

Skill      XL: |  1  2  3 |
---------------+----------+-----
Evocations     | 1 2 |  2.0
Spellcasting   | 3 |  3.2
Air Magic      | 4 |  4.9
Dodging        | |  2.8
Stealth        | |  1.4
Conjurations   | |  1.6

Action                   |  1- 3 |  4- 6 || total
-------------------------+-------+-------++-------
Melee: Unarmed           |    23 |     1 ||    24
 Cast: Shock             |    48 |    11 ||    59
       Static Discharge  |    11 |     5 ||    16
       Airstrike         |       |     2 ||     2
  Use: Potion            |     1 |       ||     1
       Scroll            |       |     2 ||     2
Armor: Robe              |    13 |     2 ||    15
Dodge: Dodged            |    30 |     6 ||    36
